 Dungeon Crawl Stone Soup version 0.30-a0-1163-gf69bf04e7a (webtiles) character file.

Game seed: 6296820218241748406

9 BlasphemerAmon the Sneak (level 2, 0/16 HPs)
             Began as a Vine Stalker Delver on Apr 28, 2023.
             Shot with a sling bullet by a goblin (4 damage)
             ... on level 4 of the Dungeon.
             The game lasted 00:00:32 (205 turns).

BlasphemerAmon the Sneak (Vine Stalker Delver)       Turns: 205, Time: 00:00:33

Health: 0/16       AC:  3    Str: 14    XL:     2   Next: 16%
Magic:  0/3        EV: 11    Int: 10    God:
Gold:   25         SH:  0    Dex: 15    Spells: 1/1 levels left

rFire   . . .        a - +0 falchion
rCold   . . .        (no shield)
rNeg    . . .        b - +0 leather armour
rPois   .            (no helmet)
rElec   .            (no cloak)
rCorr   .            (no gloves)
SInv    .            (no boots)
Will    .....        (no amulet)
Stlth   +++          (no ring)
HPRegen 0.22/turn    (no ring)
MPRegen 0.08/turn

%: guardian spirit
@: no status effects
A: fangs 2, magic shield, antimagic bite, no potion heal 2
a: no special abilities


You were on level 4 of the Dungeon.
You visited 1 branch of the dungeon, and saw 2 of its levels.

You collected 25 gold pieces.

Inventory:

Hand Weapons
 a - a +0 falchion (weapon)
Armour
 b - a +0 leather armour (worn)
Wands
 g - a wand of digging (3)
Scrolls
 c - a scroll of fog
 d - a scroll of magic mapping
Potions
 f - a potion of haste


   Skills:
 + Level 2.8 Fighting
 + Level 2.0 Long Blades
 + Level 1.7 Dodging
 + Level 6.1 Stealth


You had one spell level left.
You didn't know any spells.
Your spell library was empty.

Dungeon Overview and Level Annotations

Branches:
Dungeon (5/15)
 Temple: D:4-7

Altars:


Innate Abilities, Weirdness & Mutations

You have extremely sharp teeth.
When hurt, damage is shared between your health and your magic reserves.
Your bite disrupts and absorbs the magic of your enemies.
Potions cannot restore your health.


Message History

There is an entrance to a sewer on this level.
Hurry and find it before the portal rusts away!
Found a spear.
There is a stone staircase leading down here.
You start resting.
Magic restored.
You start resting.
A goblin comes into view. It is wielding a +0 club.
A goblin is nearby!
A goblin is nearby!
A goblin is nearby!
There is a stone staircase leading down here.
The goblin shouts!
You hear a shout! x2
A hobgoblin comes into view.
You barely miss the goblin.
A goblin comes into view. It is wielding a +0 club.
The goblin hits you with a +0 club.
You barely miss the goblin. The goblin hits you with a +0 club.
You slash the goblin!
You kill the goblin!
You have reached level 2!
You miss the goblin.
A goblin comes into view. It is wielding a +0 club.
The goblin hits you with a +0 club.
You closely miss the goblin. You bite the goblin.
You kill the goblin!
The goblin unwields a +0 club.
The goblin wields a +0 sling.
The goblin shoots a sling bullet.
The sling bullet closely misses you.
Your Long Blades skill increases to level 2!
You hit the hobgoblin.
You kill the hobgoblin!
The goblin shoots a sling bullet.
The sling bullet hits you.
The goblin shoots a sling bullet.
The sling bullet hits you but does no damage.
There is a stone staircase leading down here.
Unknown command.
The goblin shoots a sling bullet.
The sling bullet closely misses you.
The goblin shoots a sling bullet.
The sling bullet hits you.
* * * LOW HITPOINT WARNING * * *
The goblin shoots a sling bullet.
The sling bullet hits you.
You die...

###### #....#
#....#
####....# .
.......@# ...
.###...>##.....
.............).
####...!##.....
###g.. ....
..... ..#
##..... .#
##..... .
#......


You could see a goblin.

Vanquished Creatures
  An ufetubus (D:5)
  2 goblins (D:4)
  A hobgoblin (D:4)
4 creatures vanquished.

Notes
Turn   | Place    | Note
-------+----------+-------------------------------------------
     0 | D:5      | BlasphemerAmon the Vine Stalker Delver began the quest for
                  | the Orb.
     0 | D:5      | Reached XP level 1. HP: 11/11 MP: 2/2
   148 | D:5      | Noticed a scorpion
   199 | D:4      | Reached XP level 2. HP: 9/16 MP: 1/3
   205 | D:4      | Shot with a sling bullet by a goblin

Illustrated notes

Levels and vault maps discovered:
D:4:      layout_rooms, cheibrodos_sewer_entry_drain, uniq_duvessa
D:5:      layout_rooms, uniq_sigmund, uniq_blork_the_orc, uniq_eustachio

Skill      XL: |  1  2 |
---------------+-------+-----
Long Blades    | 2 |  2.0
Fighting       | |  2.8
Dodging        | |  1.7
Stealth        | |  6.1

Action                     || total
---------------------------++-------
  Melee: Falchion          ||    16
         Bite              ||     3
    Use: Scroll            ||     1
 Armour: Leather armour    ||     4
  Dodge: Dodged            ||    16

Table legend: (Time is in decaauts)
 A = Elapsed time spent in this place.
 B = Non-inter-level travel time spent in this place.
 C = Inter-level travel time spent in this place.
 D = Time resting spent in this place.
 E = Time spent auto-exploring this place.
 F = Levels seen in this place.
 G = Mean time per level.
                   A        B        C        D        E       F      G
               +--------+--------+--------+--------+--------+-----+--------+
         Total |    208 |    208 |      0 |    116 |      0 |   2 |  104.0 |
       Dungeon |    208 |    208 |      0 |    116 |      0 |   2 |  104.0 |
               +--------+--------+--------+--------+--------+-----+--------+

Top non-repeatable levels by time:
     D:5: 172 daAuts
     D:4: 36 daAuts
